AoeStats
← TheQuietRiot

Hideout

507357122Analyzed
1v1 RM · 14d ago on Sep 17, 2026· 42m 26s· 2 players
Game mode
Random Map
Map size
Tiny (2 player)
Population
200
Speed
Normal
Resources
Standard
Victory
Conquest
Starting age
Dark Age
Ending age
Imperial Age
RankedLock teamsTeams togetherTeam positionsShared explorationLock speedFull tech treeHidden civsTurbo modeCheats
Victory
Defeat
🇮🇹 Tatars · Italy
1066
+14
🇬🇧 Britons · United Kingdom
1030
-14
TheQuietRiot
5:20 Loom
9:39 Feudal Age
10:27 Double-Bit Axe
10:25 Horse Collar
18:25 Castle Age
17:48 Gold Mining
17:51 Stone Mining
18:09 Fletching
18:27 Padded Archer Armor
18:44 Crossbowman
21:46 Gold Shaft Mining
21:47 Bow Saw
22:12 Squires
23:52 Bodkin Arrow
24:09 Forging
25:13 Wheelbarrow
24:25 Town Watch
27:02 Leather Archer Armor
30:19 Heavy Plow
31:44 Hand Cart
32:11 Town Patrol
33:00 Gold Shaft Mining
33:08 Ballistics
37:05 Imperial Age
35:04 Yeomen
38:08 Iron Casting
37:35 Scale Mail Armor
37:43 Scale Barding Armor
39:13 Conscription
38:20 Light Cavalry
39:01 Husbandry
40:59 Pikeman
41:25 Gambesons
PQ.90Official
11:13 Feudal Age
15:42 Castle Age
14:07 Double-Bit Axe
14:31 Horse Collar
16:05 Bloodlines
17:09 Loom
19:04 Forging
19:53 Scale Barding Armor
21:32 Heavy Plow
22:34 Wheelbarrow
24:28 Bow Saw
26:06 Hand Cart
27:33 Gold Mining
32:00 Imperial Age
30:25 Padded Archer Armor
30:15 Fletching
31:01 Iron Casting
30:47 Chain Barding Armor
30:50 Ballistics
30:33 Stone Mining
30:30 Elite Skirmisher
33:00 Bodkin Arrow
33:21 Leather Archer Armor
33:10 Husbandry
34:43 Plate Barding Armor
34:44 Timurid Siegecraft
34:45 Bracer
35:20 Silk Armor
36:12 Ring Archer Armor
37:10 Plate Barding Armor
37:26 Elite Steppe Lancer
Connection lost

Rejoining the realm…

Still unreachable

The connection could not be restored.

Session expired

The server has moved on; the page needs a fresh start.